 Dungeon Crawl Stone Soup version 0.18.1-6-gd335043 (webtiles) character file.

252 Shtopit the Ruffian (level 5, -3/53 HPs)
             Began as a Troll Monk on May 19, 2016.
             Killed by divine providence
             ... invoked by an orc priest
              (13 damage)
             ... on level 3 of the Dungeon.
             The game lasted 00:05:08 (1888 turns).

Shtopit the Ruffian (Troll Monk)                    Turns: 1888, Time: 00:05:09

Health: -3/53      AC:  5    Str: 17 (19) XL:     5   Next: 89%
Magic:  4/4        EV:  9    Int:  4 (6)  God:
Gold:   122        SH:  0    Dex: 11 (13) Spells: 0 memorised, 4 levels left

rFire  . . .     SeeInvis .     (no weapon)
rCold  . . .     Gourm    +     a - +0 robe
rNeg   . . .     Faith    .     (no shield)
rPois  .         Spirit   .     (helmet restricted)
rElec  .         Dismiss  .     (no cloak)
rCorr  .         Reflect  .     (gloves unavailable)
SustAt .         Harm     .     (boots unavailable)
MR     .....                    (no amulet)
Stlth  +.........               (no ring)
                                (no ring)

@: very heavily drained, not resistant to hostile enchantments, very unstealthy
A: unfitting armour, claws 3, fast metabolism 3, gourmand, regeneration 2,
shaggy fur 1, tough skin 2
a: no special abilities


You were on level 3 of the Dungeon.
You were very full.

You visited 1 branch of the dungeon, and saw 3 of its levels.

You collected 122 gold pieces.

Inventory:

Armour
 a - a +0 robe (worn)
Scrolls
 c - 2 scrolls of teleportation {unknown}
 e - 3 scrolls of remove curse {unknown}
 g - 2 scrolls of identify {unknown}
 i - a scroll of random uselessness {unknown}
 j - a scroll of noise {unknown}
Potions
 f - a potion of curing
Comestibles
 b - 6 bread rations
 d - a meat ration


   Skills:
 + Level 3.1(0.0) Fighting
 + Level 4.1(0.0) Dodging
 + Level 1.6(0.0) Stealth
 * Level 5.0(0.0) Unarmed Combat


You had 4 spell levels left.
You didn't know any spells.

Dungeon Overview and Level Annotations

Branches:
Dungeon (3/15)

Altars:


Innate Abilities, Weirdness & Mutations

You are too large for most types of armour.
You have claws for hands.
Your metabolism is lightning-fast.
You like to eat raw meat.
You heal very quickly.
You are covered in fur (AC +1).
You have very tough skin (AC +2).


Message History

The giant cockroach bites you.
* * * LOW HITPOINT WARNING * * *
The giant cockroach bites you but does no damage.
The orc priest miscasts a cantrip.
The orc priest miscasts a cantrip.
The giant cockroach bites you but does no damage.
You see here a hunting sling.
The orc closely misses you.
The giant cockroach bites you but does no damage.
The orc closely misses you.
The orc priest looks braver for a moment.
The orc priest invokes the aid of Beogh against you.
Beogh smites you!
* * * LOW HITPOINT WARNING * * *
The giant cockroach barely misses you.
The orc wizard mumbles some strange words.
The orc wizard flickers and vanishes!
The orc priest invokes the aid of Beogh against you.
Beogh smites you!
You die...

#.#####....................
# ####.))...##....##......
#....)...#.##..##.#.....
#...)...#.#.####.#.#....
#.......##.#....#.##....
+......#.##......##.#...
#.....#.#...o.....)#.#o.
#.....##....o.......##..
#....#.@s...o.w.......#.
#.......................
#....#.........#........
#....##.......##.......)
#...)##.................
#.....................##
#...............(..#####
##.................##...
#.........#.......##...


You could see a worm, an orc priest, 2 orcs and a giant cockroach.

Vanquished Creatures
  The ghost of Arantyr the Sneak, an amateur SpAs (D:3)
  An orc wizard (D:3)
  Ijyb (D:3)
  A gnoll (D:1)
  2 adders (D:3)
  3 dart slugs
  4 orcs (D:3)
  A giant cockroach (D:3)
  8 goblins
  4 hobgoblins
  8 jackals
  6 kobolds
  A quokka (D:2)
  3 bats
  5 giant newts
  10 rats
59 creatures vanquished.

Notes
Turn   | Place    | Note
--------------------------------------------------------------
     0 | D:1      | Shtopit the Troll Monk began the quest for the Orb.
     0 | D:1      | Reached XP level 1. HP: 22/22 MP: 0/0
   149 | D:1      | Reached XP level 2. HP: 29/29 MP: 1/1
   497 | D:1      | Reached XP level 3. HP: 33/36 MP: 2/2
  1316 | D:2      | Found a faded altar to an unknown god.
  1407 | D:3      | Reached XP level 4. HP: 42/44 MP: 3/3
  1490 | D:3      | Noticed Arantyr's ghost (amateur SpAs)
  1546 | D:3      | Killed Arantyr's ghost
  1546 | D:3      | Reached skill level 5 in Unarmed Combat
  1546 | D:3      | Reached XP level 5. HP: 10/53 MP: 4/4
  1690 | D:3      | Noticed Ijyb
  1700 | D:3      | Killed Ijyb
  1888 | D:3      | Killed from afar by an orc priest

Skill      XL: |  1  2  3  4 |
---------------+-------------+-----
Dodging        | 3 4 |  4.1
Fighting       | 3 |  3.1
Unarmed Combat | 5 |  5.0
Stealth        | |  1.6

Action                   |  1- 3 |  4- 6 || total
-------------------------+-------+-------++-------
Melee: Unarmed           |   120 |    72 ||   192
  Use: Potion            |       |     3 ||     3
 Stab: Sleeping          |     5 |       ||     5
  Eat: Chunk             |    15 |     7 ||    22
Armor: Robe              |    60 |    46 ||   106
Dodge: Dodged            |    92 |    62 ||   154
